 Dungeon Crawl Stone Soup version 0.23-a0-269-g65e0026 (webtiles) character file.

10354 Irenicus the Geomancer (level 11, -3/90 HPs)
             Began as a Deep Dwarf Earth Elementalist on Sept 30, 2018.
             Was a High Priest of Makhleb.
             Killed from afar by a gargoyle (27 damage)
             ... with a stone arrow
             ... on level 12 of the Dungeon.
             The game lasted 01:14:35 (6124 turns).

Irenicus the Geomancer (DDEE)                       Turns: 6124, Time: 01:14:36

Health: -3/90      AC: 10    Str: 11    XL:     11   Next: 35%
Magic:  3/17       EV: 22    Int: 20    God:    Makhleb [*****.]
Gold:   619        SH:  5    Dex: 18    Spells: 1/16 levels left

rFire    . . .     SeeInvis .   c - +1 dagger (freeze)
rCold    . . .     Gourm    .   t - +0 buckler
rNeg     . . .     Faith    .   I - +0 steam dragon scales
rPois    .         Spirit   .   w - +1 helmet
rElec    .         Reflect  .   n - +0 cloak
rCorr    .         Harm     .   u - +0 pair of gloves
MR       +....                  K - +0 pair of boots
Stlth    ++++......             (no amulet)
HPRegen  0.00/turn              f - +4 ring of evasion
MPRegen  0.15/turn              j - +5 ring of dexterity

@: non-regenerating
A: damage resistance, heal wounds, sense surroundings 2, no regeneration
a: Heal Wounds, Minor Destruction, Lesser Servant of Makhleb, Major Destruction,
Greater Servant of Makhleb, Renounce Religion


You were on level 12 of the Dungeon.
You worshipped Makhleb.
Makhleb was extremely pleased with you.
You were very hungry.

You visited 1 branch of the dungeon, and saw 12 of its levels.

You collected 619 gold pieces.

Inventory:

Hand Weapons
 c - a +1 dagger of freezing (weapon)
   (You took it off a goblin on level 3 of the Dungeon)
 h - a +1 hand axe
   (You found it on level 1 of the Dungeon)
 p - a +0 blowgun
   (You took it off a kobold on level 3 of the Dungeon)
 M - a +2 hand axe of flaming
   (You took it off an orc on level 10 of the Dungeon)
Missiles
 q - 51 poisoned needles
 y - 29 stones
 D - 5 javelins (quivered)
Armour
 n - a +0 cloak (worn)
   (You took it off Crazy Yiuf on level 3 of the Dungeon)
 t - a +0 buckler (worn)
   (You found it on level 6 of the Dungeon)
 u - a +0 pair of gloves (worn)
   (You found it on level 5 of the Dungeon)
 w - a +1 helmet (worn)
   (You found it on level 6 of the Dungeon)
 I - +0 steam dragon scales (worn)
   (You found it on level 9 of the Dungeon)
 K - a +0 pair of boots (worn)
   (You found it on level 10 of the Dungeon)
Jewellery
 e - an uncursed ring of protection from magic {MR+, !d}
   (You found it on level 1 of the Dungeon)
 f - a +4 ring of evasion (left hand)
   (You found it on level 3 of the Dungeon)
 i - an uncursed ring of protection from cold {rC+, !d}
   (You found it on level 2 of the Dungeon)
 j - a +5 ring of dexterity (right hand)
   (You found it on level 12 of the Dungeon)
 m - an uncursed ring of protection from magic {MR+, !d}
   (You found it on level 3 of the Dungeon)
 o - an uncursed amulet of faith {Faith, !P}
   (You found it on level 5 of the Dungeon)
 E - an uncursed ring of positive energy {rN+}
   (You found it on level 9 of the Dungeon)
 J - an uncursed ring of wizardry {Wiz+, !d}
   (You found it on level 10 of the Dungeon)
Wands
 L - a wand of paralysis (19)
   (You took it off an orc on level 10 of the Dungeon)
 N - a wand of flame (16)
   (You found it on level 11 of the Dungeon)
Scrolls
 a - 3 scrolls of enchant weapon
 b - 3 scrolls of remove curse
 g - a scroll of blinking {!r}
 r - 3 scrolls of fog
 v - a scroll of identify
 x - 4 scrolls of teleportation
 z - a scroll of magic mapping {!r}
 B - a scroll of silence {unknown}
 F - a scroll of amnesia
Potions
 k - 2 potions of mutation {!q}
 l - 4 potions of curing
 C - a potion of resistance
 H - a potion of agility
Miscellaneous
 A - a phial of floods (inert)
   (You found it on level 10 of the Dungeon)
 G - a crystal ball of energy
   (You found it on level 9 of the Dungeon)
Comestibles
 d - 17 rations


   Skills:
 - Level 3.1 Fighting
 + Level 7.5 Dodging
 - Level 8.4 Stealth
 - Level 4.1 Shields
 - Level 3.2 Spellcasting
 + Level 6.2 Transmutations
 - Level 12.2 Earth Magic
 - Level 6.0 Invocations
 - Level 9.1 Evocations


You had one spell level left.
You knew the following spells:

 Your Spells              Type           Power        Failure   Level  Hunger
a - Sandblast             Erth           ######       1%          1    None
b - Passwall              Tmut/Erth      #####...     1%          2    ##.....
c - Stone Arrow           Conj/Erth      ####..       3%          3    ###....
d - Petrify               Tmut/Erth      #####...     3%          4    ####...
z - Lee's Rapid Deconstr  Erth           ######....   2%          5    ######.

Your spell library contained the following spells:

 Spells                   Type           Power        Failure   Level  Hunger
 Confusing Touch          Hex            #.....       14%         1    None
 Freeze                   Ice            #...         14%         1    None
 Spider Form              Tmut/Pois      ###.......   12%         3    ###....
 Ignite Poison            Fire/Tmut/Pois ##......     19%         3    ###....
 Throw Frost              Conj/Ice       #.....       22%         2    ##.....
 Confuse                  Hex            #.......     38%         3    ###....
 Gell's Gravitas          Tloc           #.........   38%         3    ###....
 Mephitic Cloud           Conj/Pois/Air  #.......     38%         3    ###....
 Ozocubu's Armour         Chrm/Ice       #.......     38%         3    ###....
 Yara's Violent Unravell  Hex/Tmut       ###.......   71%         5    ######.
 Summon Ice Beast         Ice/Summ       #.......     80%         4    ####...
 Throw Icicle             Conj/Ice       #.......     80%         4    ####...
 Metabolic Englaciation   Hex/Ice        #.........   98%         5    ######.
 Ignition                 Fire           #.........   100%        8    #######


Dungeon Overview and Level Annotations

Branches:
Dungeon (12/15)            Temple (0/1) D:5            Lair (0/6) D:8
    Orc (0/2) D:10

Altars:
Cheibriados
Dithmenos
Kikubaaqudgha
Makhleb
Sif Muna
Trog
Uskayaw
Xom
Yredelemnul
Lugonu

Shops:
D:9 }

Annotations:
D:4 Grinder
D:5 exclusion: upstairs
D:6 2 transporters, nht's ghost, novice OpTm
D:11 exclusion: downstairs
D:12 3 runed doors, George's ghost, journeyman MiFi


Innate Abilities, Weirdness & Mutations

You are resistant to damage.
You can heal yourself by infusing magical energy.
You passively map the area around you.
You do not regenerate.


Message History

You block the vampire mosquito's attack.
The vampire mosquito misses you.
The vampire mosquito completely misses you.
The vampire mosquito bites you.
* * * LOW HITPOINT WARNING * * *
The vampire mosquito draws strength from your injuries!
You take 1 damage, and have 27/90 hp.
The vampire mosquito bites you but does no damage.
You block the vampire mosquito's attack. x2
There is a stone staircase leading up here.
You block the vampire mosquito's attack.
The vampire mosquito closely misses you.
The vampire mosquito bites you!
* * * LOW HITPOINT WARNING * * *
The vampire mosquito draws strength from your injuries!
The vampire mosquito closely misses you.
You climb upwards.
Level annotation: exclusion: downstairs
There is a stone staircase leading down here.
You take 6 damage, and have 21/90 hp.
Here: a vampire mosquito The floor.
Aim: a vampire mosquito The blast of sand hits the vampire mosquito.
y - 34 stones The vampire mosquito completely misses you.
You block the vampire mosquito's attack.
The vampire mosquito misses you. The vampire mosquito barely misses you.
You now have 5/17 mp.
Aim: a vampire mosquito The blast of sand hits the vampire mosquito.
y - 33 stones You block the vampire mosquito's attack. x2
The vampire mosquito bites you!
* * * LOW HITPOINT WARNING * * *
The vampire mosquito draws strength from your injuries!
The vampire mosquito barely misses you.
You take 6 damage, and have 15/90 hp.
You now have 4/17 mp.
Aim: a vampire mosquito (almost destroyed)
The blast of sand hits the vampire mosquito.
You destroy the vampire mosquito!
Makhleb accepts your kill.
You feel better.
y - 32 stones The vampire mosquito misses you.
You regained 6 hp, and now have 21/90 hp.
You now have 3/17 mp.
Aim: a vampire mosquito The blast of sand hits the vampire mosquito.
y - 31 stones The vampire mosquito closely misses you. x2
Aim: a vampire mosquito (severely damaged)
The blast of sand hits the vampire mosquito.
You destroy the vampire mosquito!
Makhleb accepts your kill.
y - 30 stones You now have 2/17 mp.
There is a stone staircase leading down here.
Okay, then.
There is a stone staircase leading down here.
You climb downwards.
Level annotation: 3 runed doors, George's ghost, journeyman MiFi You hear the crackling of a very distant melting archway.
There is a stone staircase leading up here.
Okay, then.
You see here a runed mace.
Really read
z - 2 scrolls of magic mapping {!r}?
As you read the scroll of magic mapping {!r}, it crumbles to dust.
You feel aware of your surroundings.
A killer bee comes into view.
Aim: a killer bee (hasn't noticed you)
The puff of flame hits the killer bee.
The killer bee buzzes angrily.
You take 1 damage, and have 20/90 hp.
Aim: a killer bee (lightly wounded)
The blast of sand hits the killer bee.
You kill the killer bee!
Makhleb accepts your kill.
You feel better.
y - 29 stones You regained 4 hp, and now have 24/90 hp.
You now have 5/17 mp.
Quiver which item? (- for none, * to show all) (? for menu, Esc to quit)
Okay, then.
You hear a distant slurping noise.
Unknown command.
A centaur warrior skeleton comes into view.
A rock wall.
You begin to meditate on the wall.
You continue meditating on the rock. x2
You finish merging with the rock.
A bullfrog, a gargoyle and a crimson imp come into view.
You now have 5/17 mp.
A rock wall.
The bullfrog gives a loud, deep croak!
You are feeling very hungry.
You hear a shout!
The crimson imp blinks!
The gargoyle hurls a stone arrow at you.
The stone arrow hits you!
You die...

*,,,,,,,,,,,,,,,**,**,,*,** *,,
*,,,,,,,,,,,,,,,,,,**,,,,* *,,
*,,**,***#########****,,** *,,
*,,**,,,,...ยง....#..,,>.# *,,
,,,**,,,,...F....#.#**..* *,,
,,,**,,,,........#.#*#.#* **,,
,,,**,,,,........#.##..# *,,,
,,,**,,,,........#Z##.## *,,,
*+***,,,,.......@#.....# *,,,
,,,,,,,,,........#.....# *,,,
,,,,,,,,,.......9#.....# *,,,
,,,,,,,,,.########.....# *,,,
,,,,,,,,,,* #.....#######,,,
,,,,,,,,,,* #............,,,
*****,**********##.....#########*
*,,,,,,,,,.................#
**********####.####..#.#...#


You could see a gargoyle and a bullfrog.

Vanquished Creatures
  A two-headed ogre (D:9)
  2 cyclopes
  2 kobold demonologists (D:10)
  A troll (D:9)
  A hippogriff (D:11)
  2 dream sheep (D:9)
  A vampire (D:11)
  12 yaks
  Eustachio (D:4)
  A steam dragon (D:9)
  2 vampire mosquitoes (D:11)
  A soldier ant (D:10)
  A black bear (D:11)
  5 orc warriors
  4 sky beasts
  5 ice beasts
  4 phantoms
  4 centaurs
  6 ogres
  A crocodile (D:9)
  3 bullfrogs
  4 big kobolds
  A water moccasin zombie (D:5)
  2 scorpions
  4 killer bees
  3 howler monkeys (D:7)
  A crimson imp (D:7)
  Crazy Yiuf (D:3)
  A quasit (D:9)
  3 bullfrog zombies
  4 orc priests
  5 hounds
  A jelly (D:11)
  A centaur skeleton (D:4)
  2 bullfrog skeletons
  13 worker ants
  Terence (D:3)
  2 iguanas (D:9)
  6 orc wizards
  2 hound skeletons
  A howler monkey skeleton (D:5)
  6 gnolls
  22 adders
  6 shadow imps
  An ooze (D:6)
  2 adder skeletons (D:8)
  6 worms
  2 dart slugs
  3 leopard geckos
  22 orcs
  3 giant cockroaches
  8 goblins
  7 hobgoblins
  8 jackals
  27 kobolds
  6 quokkas
  A ball python (D:2)
  6 bats
  2 frilled lizards
  A jackal skeleton (D:5)
  3 rats
260 creatures vanquished.

Vanquished Creatures (collateral kills)
  An orc warrior (D:10)
  A crimson imp (D:10)
  3 orcs (D:10)
5 creatures vanquished.

Grand Total: 265 creatures vanquished

Notes
Turn   | Place    | Note
-------+----------+-------------------------------------------
     0 | D:1      | Irenicus the Deep Dwarf Earth Elementalist began the quest
                  | for the Orb.
     0 | D:1      | Reached XP level 1. HP: 15/15 MP: 3/3
    77 | D:1      | Reached skill level 2 in Spellcasting
   194 | D:1      | Reached XP level 2. HP: 11/22 MP: 3/5
   306 | D:1      | Learned a level 2 spell: Passwall
   337 | D:2      | Reached XP level 3. HP: 8/28 MP: 3/6
   339 | D:2      | Reached skill level 5 in Earth Magic
   355 | D:2      | HP: 7/28 [gnoll/club (1)]
   389 | D:2      | Reached XP level 4. HP: 23/36 MP: 0/8
   434 | D:2      | Found a hide-covered altar of Uskayaw.
   436 | D:2      | Found a shadowy altar of Dithmenos.
   472 | D:2      | Reached skill level 3 in Spellcasting
   624 | D:2      | Learned a level 3 spell: Stone Arrow
   645 | D:2      | Reached skill level 6 in Earth Magic
   722 | D:2      | Found a snail-covered altar of Cheibriados.
   722 | D:2      | Found a burning altar of Makhleb.
   749 | D:2      | Became a worshipper of Makhleb the Destroyer
   773 | D:3      | Reached XP level 5. HP: 12/42 MP: 3/9
  1058 | D:3      | Noticed Terence
  1105 | D:3      | Found a runed door.
  1138 | D:3      | Noticed Crazy Yiuf
  1144 | D:3      | Killed Crazy Yiuf
  1144 | D:3      | Reached skill level 7 in Earth Magic
  1213 | D:3      | Reached * piety under Makhleb
  1305 | D:3      | Killed Terence
  1395 | D:4      | Noticed an ice beast
  1408 | D:4      | Killed an ice beast
  1408 | D:4      | Reached skill level 8 in Earth Magic
  1408 | D:4      | Reached XP level 6. HP: 15/49 MP: 10/10
  1422 | D:4      | Found a deep blue altar of Sif Muna.
  1448 | D:4      | Noticed Eustachio
  1477 | D:4      | Killed Eustachio
  1477 | D:4      | Reached skill level 3 in Evocations
  1494 | D:4      | Reached skill level 4 in Evocations
  1494 | D:4      | Reached XP level 7. HP: 35/55 MP: 11/11
  1615 | D:4      | Reached skill level 5 in Evocations
  1680 | D:4      | Reached skill level 6 in Evocations
  1791 | D:4      | Noticed Grinder
  1800 | D:5      | Entered Level 5 of the Dungeon
  1917 | D:5      | Reached skill level 7 in Evocations
  1996 | D:5      | Reached ** piety under Makhleb
  2018 | D:5      | Found a staircase to the Ecumenical Temple.
  2115 | D:5      | Reached skill level 8 in Evocations
  2138 | D:5      | Reached XP level 8. HP: 42/62 MP: 0/14
  2215 | D:5      | Reached skill level 9 in Evocations
  2317 | D:6      | Reached skill level 1 in Fighting
  2367 | D:6      | Noticed a deep elf mage
  2378 | D:6      | Noticed a sea snake
  2378 | D:6      | a deep elf mage changed into a sea snake
  2381 | D:6      | a sea snake changed into a swamp worm
  2387 | D:6      | HP: 12/64 [swamp worm (16)]
  2392 | D:6      | HP: 11/64 [swamp worm (21)]
  2446 | D:6      | Found an ancient bone altar of Kikubaaqudgha.
  2484 | D:6      | Reached skill level 9 in Earth Magic
  2487 | D:6      | Reached skill level 2 in Fighting
  2497 | D:6      | Irenicus: ?? tree
  2497 | D:6      | beem: tree[1/4]: A type of feature, represented by a 7.
                  | Blocks LOS just like a wall. Conjure flame, fireballs, and
                  | bolts of magma/fire/lightning all will set them ablaze,
                  | causing flame clouds that wander a bit.
  2497 | D:6      | Irenicus: ?? tree form
  2497 | D:6      | beem: tree form[1/3]: Immobile form with -Tele, +50% HP, 20
                  | + XL/2 AC, minimal EV, rN+++, rPois, torment immunity, and
                  | gives +12 base UC damage. Unlike statue form, tree form
                  | does NOT give rot or poison immunity.
  2568 | D:6      | Found a transporter.
  2569 | D:6      | Noticed nht's ghost (novice OpTm)
  2601 | D:6      | Reached skill level 3 in Fighting
  2617 | D:6      | Learned a level 4 spell: Petrify
  2627 | D:6      | Reached skill level 1 in Transmutations
  2637 | D:6      | Reached skill level 2 in Transmutations
  2637 | D:6      | Reached skill level 10 in Earth Magic
  2640 | D:6      | Found a shimmering altar of Xom.
  2642 | D:6      | Found a basalt altar of Yredelemnul.
  2645 | D:6      | Found a bloodstained altar of Trog.
  2649 | D:6      | Found a transporter.
  2725 | D:6      | Reached skill level 1 in Shields
  2725 | D:6      | Gained mutation: You passively map the area around you.
                  | [Deep Dwarf growth]
  2725 | D:6      | Reached XP level 9. HP: 37/75 MP: 11/15
  2895 | D:7      | Reached skill level 2 in Shields
  2895 | D:7      | Reached skill level 3 in Transmutations
  2978 | D:7      | Reached skill level 1 in Invocations
  3021 | D:7      | HP: 18/75 [orc/club (2)]
  3049 | D:7      | Reached skill level 2 in Invocations
  3051 | D:7      | Reached skill level 3 in Shields
  3181 | D:8      | Found a staircase to the Lair.
  3198 | D:8      | Reached skill level 3 in Invocations
  3255 | D:8      | Reached *** piety under Makhleb
  3480 | D:7      | Reached skill level 4 in Shields
  3480 | D:7      | Reached skill level 4 in Invocations
  3592 | D:7      | Identified the Almanac of Virous Ignition
  3695 | D:7      | Reached skill level 5 in Invocations
  3900 | D:9      | Reached skill level 6 in Invocations
  4033 | D:9      | Reached skill level 3 in Stealth
  4033 | D:9      | Reached skill level 4 in Stealth
  4037 | D:9      | Reached skill level 5 in Stealth
  4037 | D:9      | Reached skill level 6 in Stealth
  4049 | D:9      | Reached XP level 10. HP: 61/84 MP: 3/16
  4099 | D:9      | Reached skill level 7 in Stealth
  4230 | D:9      | Reached skill level 11 in Earth Magic
  4325 | D:9      | Noticed a two-headed ogre
  4370 | D:9      | Found Goirungu's Gadget Boutique.
  4392 | D:9      | Reached skill level 12 in Earth Magic
  4420 | D:9      | Learned a level 5 spell: Lee's Rapid Deconstruction
  4722 | D:9      | Killed a two-headed ogre
  4722 | D:9      | Reached skill level 3 in Dodging
  4722 | D:9      | Reached skill level 8 in Stealth
  4733 | D:9      | Irenicus: ?? skill
  4733 | D:9      | beem: skills[1/1]: Here is how you train skills. First you
                  | train the skills that you use to kill dudes. Once you are
                  | killing dudes well enough, then you train the skills you
                  | use to not die to dudes. If you later run into problems
                  | killing dudes, you switch back to killdudes skills.
  4745 | D:10     | Entered Level 10 of the Dungeon
  4752 | D:10     | Found a corrupted altar of Lugonu.
  4819 | D:10     | Reached skill level 4 in Dodging
  4857 | D:10     | Reached **** piety under Makhleb
  4864 | D:10     | HP: 21/84 [something (11)]
  5019 | D:10     | Reached skill level 5 in Dodging
  5019 | D:10     | Reached skill level 4 in Transmutations
  5221 | D:10     | Found a staircase to the Orcish Mines.
  5441 | D:11     | Noticed a cyclops
  5462 | D:11     | Reached XP level 11. HP: 90/90 MP: 11/17
  5471 | D:11     | Reached skill level 6 in Dodging
  5471 | D:11     | Reached skill level 5 in Transmutations
  5764 | D:11     | Reached ***** piety under Makhleb
  5844 | D:11     | Reached skill level 7 in Dodging
  5897 | D:12     | Reached skill level 6 in Transmutations
  5944 | D:12     | HP: 17/90 [vampire/vampiric draining (18)]
  5947 | D:12     | Noticed an eight-headed hydra
  6052 | D:12     | Found a runed gate.
  6052 | D:12     | Found a runed gate.
  6052 | D:12     | Found a runed gate.
  6053 | D:12     | Noticed a minotaur
  6058 | D:12     | Noticed a six-headed hydra
  6063 | D:12     | Noticed George's ghost (journeyman MiFi)
  6075 | D:12     | HP: 21/90 [vampire mosquito (6)]
  6117 | D:12     | Irenicus: ?? slurping noise
  6117 | D:12     | beem: distant slurping noise[1/1]: A jelly has eaten an
                  | item. How rude! This act heals the jelly a bit, and may
                  | cause an additional squelching noise, as a second jelly
                  | splits off from the original. "You hear a slurping sound"
                  | (exactly) is a poison miscast though, not a jelly.
  6124 | D:12     | Killed from afar by a gargoyle

Vault maps used:
D:1:      lemuel_arrival_lava_pool
D:2:      nicolae_overflow_hidden_temple, minmay_pentomino_s2
D:3:      uniq_crazy_yiuf_cottage, uniq_terence
D:4:      nicolae_overflow_crystal_walls, serial_shops, shop, hex_large,
          uniq_grinder, uniq_eustachio
D:5:      temple_statues, first_ration
D:6:      grunt_temple_overflow_open, kiku_gazebo_garden_becter,
          gammafunk_ghost_mausoleum, guppyfry_early_elven_hall
D:7:      minmay_misc_feat_tiny
D:8:      lair_entry_dummy
D:9:      serial_shops, shop, hangedman_ranch, minmay_door_square,
          grunt_decor_mini_mirrors
D:10:     kennysheep_kobold_lugonu_temple, david_orc_4, minivault_11
D:12:     portal_ice_cave_demonic_guard, maelrawn_ghost_labyrinth_escape

Skill      XL: |  1  2  3  4  5  6  7  8  9 10 11 |
---------------+----------------------------------+-----
Spellcasting   | 2 3 |  3.2
Earth Magic    | 5 6 8 10 12 | 12.2
Evocations     | 4 8 9 |  9.1
Fighting       | 3 |  3.1
Transmutations | 2 3 4 6 |  6.2
Shields        | 1 4 |  4.1
Invocations    | 6 |  6.0
Stealth        | 6 8 |  8.4
Dodging        | 5 7 |  7.5

Action                   |  1- 3 |  4- 6 |  7- 9 | 10-12 || total
-------------------------+-------+-------+-------+-------++-------
Melee: Short sword       |    16 |    25 |       |       ||    41
       Hand axe          |       |    18 |     9 |    19 ||    46
       Dagger            |       |    11 |   217 |   109 ||   337
 Fire: Blowgun           |       |    16 |    17 |       ||    33
Throw: Tomahawk          |       |       |     2 |       ||     2
       Javelin           |       |       |       |     1 ||     1
 Cast: Sandblast         |    28 |    50 |    66 |    63 ||   207
       Passwall          |     1 |     2 |     9 |    14 ||    26
       Stone Arrow       |       |     8 |    66 |    21 ||    95
       Petrify           |       |       |    12 |    32 ||    44
       Lee's Rapid Decon |       |       |       |     3 ||     3
Invok: Minor Destruction |       |       |     5 |    44 ||    49
 Abil: Heal Wounds       |       |     1 |     2 |     2 ||     5
Evoke: Wand              |       |    13 |    28 |    13 ||    54
       Phial of floods   |       |       |       |     1 ||     1
  Use: Potion            |     2 |     2 |     7 |     3 ||    14
       Scroll            |       |     4 |    12 |     3 ||    19
 Stab: Sleeping          |     4 |     4 |     4 |    19 ||    31
       Paralysed         |       |     6 |     8 |     1 ||    15
       Petrified         |       |       |    44 |    44 ||    88
  Eat: Chunk             |       |     3 |     9 |     6 ||    18
       Ration            |       |       |     2 |     3 ||     5
Armor: Robe              |     6 |     1 |       |       ||     7
       Leather armour    |       |    11 |    43 |     3 ||    57
       Skin              |       |       |    36 |       ||    36
       Steam dragon scal |       |       |       |    52 ||    52
Dodge: Dodged            |    17 |    56 |   210 |   186 ||   469
Block: Buckler           |       |       |    11 |    47 ||    58

Table legend:
 A = Non-vault XP
 B = Vault XP
 C = Vault XP percentage of total XP
 D = Non-vault monster count
 E = Vault monster count
 F = Vault count percentage of total count
                 A         B        C        D         E       F
            +---------+---------+-------+---------+---------+-------
      Total |   12015 |    2777 |  18.8 |     237 |      28 |  10.6
            +---------+---------+-------+---------+---------+-------
        D:1 |      31 |       0 |   0.0 |      16 |       0 |   0.0
        D:2 |     154 |       2 |   1.3 |      25 |       1 |   3.8
        D:3 |     103 |      82 |  44.3 |      26 |       2 |   7.1
        D:4 |     499 |     202 |  28.8 |      16 |       1 |   5.9
        D:5 |     555 |       0 |   0.0 |      17 |       0 |   0.0
        D:6 |    1216 |       0 |   0.0 |      25 |       0 |   0.0
        D:7 |    1176 |       0 |   0.0 |      23 |       0 |   0.0
        D:8 |     270 |       0 |   0.0 |      10 |       0 |   0.0
        D:9 |    3236 |    1103 |  25.4 |      21 |       6 |  22.2
       D:10 |     753 |    1388 |  64.8 |      19 |      18 |  48.6
       D:11 |    3440 |       0 |   0.0 |      37 |       0 |   0.0
       D:12 |     582 |       0 |   0.0 |       2 |       0 |   0.0
            +---------+---------+-------+---------+---------+-------

Vault maps used:
D:1:      lemuel_arrival_lava_pool
D:2:      nicolae_overflow_hidden_temple, minmay_pentomino_s2
D:3:      uniq_crazy_yiuf_cottage, uniq_terence
D:4:      nicolae_overflow_crystal_walls, serial_shops, shop, hex_large,
          uniq_grinder, uniq_eustachio
D:5:      temple_statues, first_ration
D:6:      grunt_temple_overflow_open, kiku_gazebo_garden_becter,
          gammafunk_ghost_mausoleum, guppyfry_early_elven_hall
D:7:      minmay_misc_feat_tiny
D:8:      lair_entry_dummy
D:9:      serial_shops, shop, hangedman_ranch, minmay_door_square,
          grunt_decor_mini_mirrors
D:10:     kennysheep_kobold_lugonu_temple, david_orc_4, minivault_11
D:12:     portal_ice_cave_demonic_guard, maelrawn_ghost_labyrinth_escape

Table legend:
 A = Turns spent in this place as a percentage of turns spent in the entire game.
 B = Non-inter-level travel turns spent in this place as a percentage of non-inter-level travel turns spent in the entire game.
 C = Inter-level travel turns spent in this place as a percentage of turns spent in this place.
 D = Turns resting spent in this place as a percentage of non-inter-level travel turns spent in this place.
 E = Turns spent auto-exploring this place as a percentage of non-inter-level travel turns spent in this place.
 F = Non-inter-level travel turns spent in this place divided by the number of levels of this place that you've seen.
                   A       B       C       D       E      F
               +-------+-------+-------+-------+-------+----------------------
         Total | 100.0 | 100.0 |   0.4 |   0.4 |   0.0 | 508.5
       Dungeon | 100.0 | 100.0 |   0.4 |   0.4 |   0.0 | 508.5
               +-------+-------+-------+-------+-------+----------------------

Table legend:
 A = Kills in this place as a percentage of kills in entire the game.
 B = Kills by you in this place as a percentage of kills by you in the entire game.
 C = Kills by friends in this place as a percentage of kills by friends in the entire game.
 D = Other kills in this place as a percentage of other kills in the entire game.
 E = Experience gained in this place as a percentage of experience gained in the entire game.
 F = Experience gained in this place divided by the number of levels of this place that you have seen.
                   A       B       C       D       E      F
               +-------+-------+-------+-------+-------+----------------------
         Total | 100.0 | 100.0 | 100.0 |   N/A | 100.0 | 1232.7
       Dungeon | 100.0 | 100.0 | 100.0 |   N/A | 100.0 | 1232.7
               +-------+-------+-------+-------+-------+----------------------
